 Dungeon Crawl Stone Soup version 0.30-a0-465-g8901f6c8b5 (webtiles) character file.

Game seed: 17152592817302048941

30 cforsyth the Cudgeller (level 3, -3/32 HPs)
             Began as an Armataur Gladiator on Dec 19, 2022.
             Slain by a kobold
             ... wielding a +1 dagger of distortion
              (17 damage)
             ... on level 1 of the Dungeon.
             The game lasted 00:01:01 (376 turns).

cforsyth the Cudgeller (Armataur Gladiator)          Turns: 376, Time: 00:01:02

Health: -3/32      AC:  8    Str: 19    XL:     3   Next: 5%
Magic:  3/3        EV:  5    Int: 10    God:
Gold:   5          SH:  0    Dex: 11    Spells: 2/2 levels left

rFire   . . .      SeeInvis .    a - +0 flail
rCold   . . .      Faith    .    (no shield)
rNeg    . . .      Spirit   .    f - +0 chain mail
rPois   .          Reflect  .    c - +0 helmet
rElec   .          Harm     .    (no cloak)
rCorr   .          Roll     +    (no gloves)
Will    .....                    (no barding)
Stlth   ..........               (no amulet)
HPRegen 0.25/turn                (no ring)
MPRegen 0.08/turn                (no ring)

@: no status effects
A: large, rugged brown scales 3, deformed body, armoured tail, roll, long
tongue, awkward tongue
a: no special abilities


You were on level 1 of the Dungeon.
You visited 1 branch of the dungeon, and saw 1 of its levels.

You collected 5 gold pieces.

Inventory:

Hand Weapons
 a - a +0 flail (weapon)
Missiles
 d - 3 throwing nets (quivered)
 e - a javelin
Armour
 b - a +0 leather armour
 c - a +0 helmet (worn)
 f - a +0 chain mail (worn)
Scrolls
 g - a scroll of acquirement {unknown}
 h - 2 scrolls of teleportation {unknown}


   Skills:
 + Level 2.3 Fighting
 + Level 3.1 Maces & Flails
 - Level 1.7 Throwing
 + Level 1.7 Armour
 - Level 2.1 Dodging


You had 2 spell levels left.
You didn't know any spells.
Your spell library was empty.

Dungeon Overview and Level Annotations

Branches:
Dungeon (1/15)

Altars:


Innate Abilities, Weirdness & Mutations

You are completely covered in rugged brown scales. (AC +3, +7% HP)
Armour fits poorly on your strangely shaped body.
You have a long armoured tail.
You roll when moving toward enemies. (Rampage)
Your long tongue fully drains potion bottles. (2x potion effects)
Your tongue gives you trouble enunciating. (1.5x scroll delay)


Message History

A hobgoblin comes into view.
A kobold comes into view.
It is wielding a +1 dagger of distortion.
You roll towards the dart slug!
You sock the dart slug!
The dart slug is severely wounded.
The dart slug closely misses you.
You hit the dart slug but do no damage.
The dart slug is severely wounded.
The hobgoblin hits you but does no damage.
The dart slug launches a dart at you. The slug dart misses you.
You hit the dart slug.
You kill the dart slug!
The hobgoblin hits you but does no damage.
You have reached level 3!
Your experience leads to an increase in your attributes!
Increase (S)trength, (I)ntelligence, or (D)exterity?
You feel clever. x2
You barely miss the kobold.
Your tail-slap misses the kobold.
The kobold completely misses you.
You closely miss the kobold.
Your tail-slap misses the kobold.
The kobold completely misses you.
The hobgoblin hits you but does no damage.
You closely miss the kobold.
The kobold hits you with a +1 dagger of distortion.
You blink.
The hobgoblin closely misses you.
You closely miss the hobgoblin. The hobgoblin hits you.
You barely miss the hobgoblin.
The hobgoblin hits you but does no damage.
You sock the hobgoblin!
You kill the hobgoblin!
You hit the kobold.
The kobold is moderately wounded.
The kobold hits you but does no damage. Space warps horribly around you!
The kobold hits you with a +1 dagger of distortion.
You closely miss the kobold.
The kobold is moderately wounded.
The kobold hits you with a +1 dagger of distortion.
Space warps horribly around you!
Ouch! That really hurt!
You die...

..................#.#
....#.........#.###.#
.........#.......##.#
.......#..#.##......#
..†..####....####..##
.....##
#...........####
......# #.
............#
....#..#
.###........#
)..)##.# #.@.†....#
..†..#... #.#K#.#.##
####.# ##. #.#...#..#
......# #.###......#
.###.... .. #..#####
......... .. ##...
........... ... ....
..#######.. #.. ....
..# ## .....


You could see a kobold.

Vanquished Creatures
  2 dart slugs (D:1)
  3 ball pythons (D:1)
  A giant cockroach (D:1)
  5 goblins (D:1)
  4 hobgoblins (D:1)
  A kobold (D:1)
  2 quokkas (D:1)
  2 bats (D:1)
  A frilled lizard (D:1)
  4 rats (D:1)
25 creatures vanquished.

Notes
Turn   | Place    | Note
-------+----------+-------------------------------------------
     0 | D:1      | cforsyth the Armataur Gladiator began the quest for the
                  | Orb.
     0 | D:1      | Reached XP level 1. HP: 18/18 MP: 1/1
    42 | D:1      | Reached skill level 1 in Armour
    42 | D:1      | Reached XP level 2. HP: 21/25 MP: 2/2
   127 | D:1      | Reached skill level 3 in Maces & Flails
   368 | D:1      | Reached XP level 3. HP: 30/32 MP: 3/3
   376 | D:1      | Slain by a kobold

Illustrated notes

Levels and vault maps discovered:
D:1:      dpeg_arrival_round_a, layout_rooms

Skill      XL: |  1  2 |
---------------+-------+-----
Fighting       | 2 |  2.3
Armour         | 1 |  1.7
Maces & Flails | 3 |  3.1
Throwing       | |  1.7
Dodging        | |  2.1

Action                   || total
-------------------------++-------
Melee: Flail             ||    65
       Tailslap          ||     3
Armor: Leather armour    ||    15
       Chain mail        ||    22
Dodge: Dodged            ||    27

Table legend: (Time is in decaauts)
 A = Elapsed time spent in this place.
 B = Non-inter-level travel time spent in this place.
 C = Inter-level travel time spent in this place.
 D = Time resting spent in this place.
 E = Time spent auto-exploring this place.
 F = Levels seen in this place.
 G = Mean time per level.
                   A        B        C        D        E       F      G
               +--------+--------+--------+--------+--------+-----+--------+
         Total |    392 |    392 |      0 |      0 |    229 |   1 |  392.0 |
       Dungeon |    392 |    392 |      0 |      0 |    229 |   1 |  392.0 |
               +--------+--------+--------+--------+--------+-----+--------+

Top non-repeatable levels by time:
     D:1: 392 daAuts
